 Dungeon Crawl Stone Soup version 0.31.0-12-g77e489cdc1 (webtiles) character file.

Game seed: 10076179034510331582

19552 VoidStrider the Zephyrmancer (level 12, -2/76 HPs)
             Began as a Tengu Air Elementalist on Feb 22, 2024.
             Was an Elder of Vehumet.
             Engulfed by a fire crab's flame (23 damage)
             ... on level 3 of the Lair of Beasts.
             The game lasted 00:33:43 (11700 turns).

VoidStrider the Zephyrmancer (TeAE)                Turns: 11700, Time: 00:33:43

Health: -2/76      AC:  6    Str: 11    XL:     12   Next: 70%
Magic:  3/26       EV: 34    Int: 19    God:    Vehumet [****..]
Gold:   841        SH:  0    Dex: 16    Spells: 3/30 levels left

rFire   . . .        j - staff of air
rCold   . . .        (no shield)
rNeg    . . .        a - +1 robe
rPois   .            (helmet restricted)
rElec   +            m - +0 cloak
rCorr   .            x - +1 pair of gloves
SInv    +            (boots unavailable)
Will    +....        c - amulet of Viulikum {RegenMP ^Contam Regen+ Str+2}
Stlth   ++           i - ring of see invisible
HPRegen 1.12/turn    h - ring of willpower
MPRegen 0.60/turn

%: acrobat
@: acrobatic, flying
A: beak, talons 3, evasive flight, acrobatic
a: Renounce Religion


You were on level 3 of the Lair of Beasts.
You worshipped Vehumet.
Vehumet was greatly pleased with you.
You visited 3 branches of the dungeon, and saw 15 of its levels.

You collected 841 gold pieces.

Inventory:

Missiles
 f - 2 throwing nets
Armour
 a - a +1 robe (worn)
 m - a +0 cloak (worn)
 x - a +1 pair of gloves (worn)
Magical Staves
 j - a staff of air (weapon)
Jewellery
 c - the amulet of Viulikum (around neck) {RegenMP ^Contam Regen+ Str+2}
   (You acquired it on level 1 of the Dungeon)

   [amulet of magic regeneration]

   RegenMP:   It increases your rate of magic regeneration.
   Str+2:     It affects your strength (+2).
   ^Contam:   It causes magical contamination when unequipped.
   Regen+:    It increases your rate of health regeneration.
 h - a ring of willpower (right hand)
 i - a ring of see invisible (left hand)
Wands
 n - a wand of light (12)
 r - a wand of mindburst (10)
 t - a wand of roots (29)
 A - a wand of digging (6)
 B - a wand of flame (12)
 F - a wand of polymorph (8)
Scrolls
 g - 3 scrolls of teleportation
 o - a scroll of enchant weapon
 q - 5 scrolls of revelation
 w - 2 scrolls of amnesia
 y - a scroll of brand weapon
 z - a scroll of butterflies
Potions
 b - a potion of magic
 d - 8 potions of curing
 e - a potion of cancellation {unknown}
 k - 4 potions of heal wounds
 l - a potion of might {unknown}
 p - a potion of invisibility {unknown}
 s - a potion of enlightenment {unknown}
 u - a potion of resistance {unknown}
 v - 3 potions of haste


   Skills:
 * Level 9.1 Fighting
 - Level 6.1 Dodging
 - Level 2.0 Stealth
 * Level 9.5 Spellcasting
 * Level 12.9 Conjurations
 * Level 6.0 Fire Magic
 * Level 13.0 Air Magic


You had 3 spell levels left.
You knew the following spells:

 Your Spells              Type           Power      Damage    Failure   Level
a - Shock                 Conj/Air       100%       1d9       1%          1
b - Static Discharge      Conj/Air       100%       3-8/arc   1%          2
c - Airstrike             Air            36%        2d(6-22)  1%          4
d - Vhi's Electric Charg  Tloc/Air       100%       N/A       5%          4
e - Arcjolt               Conj/Air       36%        1d46      1%          5
f - Plasma Beam           Fire/Air       30%        2x1d43    7%          6
g - Lee's Rapid Deconstr  Erth           4%         3d5*      45%         5

Your spell library contained the following spells:

 Spells                   Type           Power      Damage    Failure   Level
 Foxfire                  Conj/Fire      100%       2x1d9     1%          1
 Magic Dart               Conj           100%       1d8       1%          1
 Searing Ray              Conj           100%       2d8       1%          2
 Inner Flame              Hex/Fire       20%        N/A       1%          3
 Swiftness                Air            73%        N/A       1%          3
 Apportation              Tloc           18%        N/A       8%          1
 Slow                     Hex            36%        N/A       8%          1
 Summon Small Mammal      Summ           36%        N/A       8%          1
 Call Canine Familiar     Summ           9%         N/A       24%         3
 Confusing Touch          Hex            9%         N/A       24%         3
 Fugue of the Fallen      Necr           9%         N/A       24%         3
 Ozocubu's Armour         Ice            9%         N/A       24%         3
 Sigil of Binding         Hex            9%         N/A       24%         3
 Vampiric Draining        Necr           9%         2d6       24%         3
 Flame Wave               Conj/Fire      45%        2d12      1%          4
 Fulminant Prism          Conj/Alch      16%        3d10      1%          4
 Summon Lightning Spire   Summ/Air       50%        N/A       5%          4
 Sticky Flame             Fire/Alch      20%        2d6       6%          4
 Summon Blazeheart Golem  Fire/Summ      20%        N/A       22%         4
 Manifold Assault         Tloc           9%         N/A       61%         4


Dungeon Overview and Level Annotations

Branches:
Dungeon (11/15)            Temple (1/1) D:7            Lair (3/5) D:11
    Orc (0/2) D:9
  Swamp: Lair:2-3    Shoals: Lair:2-3     Snake: Lair:2-3    Spider: Lair:2-3

Altars:
Ashenzari
Cheibriados
Dithmenos
Elyvilon
Fedhas
Gozag
Hepliaklqana
Kikubaaqudgha
Makhleb
Nemelex Xobeh
Okawaru
Qazlal
Ru
Sif Muna
Trog
Uskayaw
Vehumet
Wu Jian
Xom
Yredelemnul
Zin
The Shining One

Shops:
D:1 !   D:7 *   D:11 *


Innate Abilities, Weirdness & Mutations

You have a beak for a mouth.
You have claws for feet.
Your magical flight helps you evade attacks. (EV +4)
You can magically evade attacks while moving or waiting.


Message History

The fire crab breathes flames at you. The blast of flame engulfs you.
You are engulfed in blazing flames.
Casting: Airstrike (safe; 1% risk of failure)
Confirm with . or Enter, or press ? or * to list all spells.
Casting: Plasma Beam (dangerous; 7% risk of failure)
Press: ? - help, Dir - look around, f - activate You feel a surge of power!
The bolt of lightning hits the fire crab!!
The fire crab is heavily wounded.
The fiery plasma misses the fire crab.
Casting: Plasma Beam (dangerous; 7% risk of failure)
Confirm with . or Enter, or press ? or * to list all spells.
You don't have enough magic to cast this spell.
Unknown command.
The fire crab breathes flames at you.
Casting: Plasma Beam (dangerous; 7% risk of failure)
Confirm with . or Enter, or press ? or * to list all spells.
Aiming: Lee's Rapid Deconstruction (quite dangerous; 45% risk of failure)
Press: ? - help, Dir - move target, f - you You cannot affect that.
There is a cloud of flame here.
Okay, then.
Casting: Lee's Rapid Deconstruction (quite dangerous; 45% risk of failure)
Confirm with . or Enter, or press ? or * to list all spells.
Aiming: Airstrike (safe; 1% risk of failure)
Press: ? - help, Dir - move target, f - fire crab
Aim: a fire crab (moderately wounded, empty space bonus: 8/8)
You feel a surge of power!
The air twists around and strikes the fire crab!!
The fire crab is severely wounded.
You are engulfed in blazing flames.
Casting: Airstrike (safe; 1% risk of failure)
Confirm with . or Enter, or press ? or * to list all spells.
You don't have enough magic to cast this spell.
The fire crab breathes flames at you. The blast of flame engulfs you!
* * * LOW HITPOINT WARNING * * *
You are engulfed in blazing flames.
You die...

#..............##
................#
...†............#
....†...........#
##........†.t...##
####.........☼☼#.#
#..##......○○###
#####P.#.##.○°○##
##..####○@○○# #### #..#
##○..### ### ##..####..#
##.....P#####.#
##.....##..###............##
#...........###<......#....##
#.##.....#..##.....#........#
#.##.#..#..#.#....##........##
.#####..##÷......P.#.........#
.P# #.#.........P.#.........#


You could see a fire crab.

Vanquished Creatures
  Erolcha (D:9)
  3 two-headed ogres
  Nergalle (D:11)
  A moth of wrath (D:10)
  A cyclops (D:9)
  A black mamba (Lair:2)
  5 komodo dragons
  6 cane toads
  2 rime drakes
  A troll (D:9)
  A polar bear (Lair:2)
  A shadow (D:10)
  2 wraiths
  33 yaks
  2 wyverns
  2 steam dragons
  5 basilisks
  2 acid dragons
  2 black bears
  7 water moccasins
  2 ice beasts (D:6)
  A sky beast (D:6)
  4 orc warriors
  3 wolves (Lair:3)
  2 phantoms
  2 kobold brigands
  14 bullfrogs
  3 scorpions
  3 wights
  6 killer bees
  7 howler monkeys
  3 jellies
  A bombardier beetle (D:4)
  10 orc priests
  3 hounds
  4 iguanas
  3 sleepcaps (D:5)
  9 orc wizards
  3 gnolls (D:4)
  10 adders
  A shadow imp (D:5)
  4 white imps
  3 ribbon worms
  37 orcs
  7 ball pythons
  5 bats
  8 endoplasms
  7 giant cockroaches
  5 goblins
  6 hobgoblins
  5 jackals
  20 kobolds
  4 quokkas
  4 frilled lizards
  7 rats
295 creatures vanquished.

Notes
Turn   | Place    | Note
-------+----------+-------------------------------------------
     0 | D:1      | VoidStrider the Tengu Air Elementalist began the quest for
                  | the Orb.
     0 | D:1      | Reached XP level 1. HP: 10/10 MP: 4/4
    61 | D:1      | Found a faded altar of an unknown god.
   178 | D:1      | Reached XP level 2. HP: 15/15 MP: 0/6
   455 | D:1      | Found Lyhoko's Distillery.
   758 | D:1      | Reached XP level 3. HP: 12/19 MP: 0/7
   761 | D:1      | Learned a level 2 spell: Static Discharge
  1762 | D:1      | Identified a scroll of acquirement
  1762 | D:1      | Acquired the amulet of Viulikum {RegenMP ^Contam Regen+
                  | Str+2}
  2353 | D:2      | Reached XP level 4. HP: 24/24 MP: 7/9
  2484 | D:2      | Learned a level 4 spell: Airstrike
  2730 | D:3      | Noticed a black bear
  2740 | D:3      | Killed a black bear
  2741 | D:3      | Reached skill level 5 in Air Magic
  2741 | D:3      | Reached XP level 5. HP: 6/28 MP: 3/11
  3156 | D:3      | Reached XP level 6. HP: 13/32 MP: 9/12
  3159 | D:3      | Reached skill level 5 in Conjurations
  3575 | D:4      | Gained mutation: Your magical flight helps you evade
                  | attacks. (EV +4) [Tengu growth]
  3575 | D:4      | Reached XP level 7. HP: 37/37 MP: 10/14
  3578 | D:4      | Reached skill level 1 in Fighting
  3738 | D:4      | Reached skill level 6 in Air Magic
  4056 | D:5      | Entered Level 5 of the Dungeon
  4369 | D:5      | Reached XP level 8. HP: 40/45 MP: 9/16
  4374 | D:5      | Reached skill level 5 in Spellcasting
  4510 | D:5      | Reached skill level 7 in Air Magic
  4759 | D:6      | Noticed a two-headed ogre
  4764 | D:6      | Killed a two-headed ogre
  4765 | D:6      | Reached skill level 8 in Air Magic
  4765 | D:6      | Reached XP level 9. HP: 52/52 MP: 8/18
  5249 | D:7      | Found Ruiropa's General Store.
  5445 | D:7      | Found a radiant altar of Vehumet.
  5452 | D:7      | Became a worshipper of Vehumet
  5546 | D:7      | Found a staircase to the Ecumenical Temple.
  5563 | Temple   | Entered the Ecumenical Temple
  5606 | D:7      | Got Sif Muna's Tutorial on Sorcery
  6035 | D:7      | Reached skill level 5 in Fighting
  6347 | D:8      | Reached * piety under Vehumet
  6347 | D:8      | Offered knowledge of Sandblast by Vehumet.
  6407 | D:8      | Reached skill level 9 in Air Magic
  6462 | D:8      | Reached skill level 5 in Dodging
  6575 | D:8      | Reached XP level 10. HP: 34/59 MP: 16/21
  7094 | D:9      | Noticed Erolcha
  7297 | D:9      | Noticed a cyclops
  7303 | D:9      | Killed a cyclops
  7331 | D:9      | Killed Erolcha
  7332 | D:9      | Reached skill level 10 in Conjurations
  7332 | D:9      | Reached skill level 10 in Air Magic
  7373 | D:9      | Found a staircase to the Orcish Mines.
  7760 | D:10     | Entered Level 10 of the Dungeon
  7804 | D:10     | Reached ** piety under Vehumet
  7804 | D:10     | Offered knowledge of Mercury Vapours by Vehumet.
  7806 | D:10     | Reached XP level 11. HP: 41/67 MP: 5/23
  7871 | D:10     | Learned a level 4 spell: Vhi's Electric Charge
  7877 | D:10     | Learned a level 5 spell: Arcjolt
  7884 | D:10     | Learned a level 6 spell: Plasma Beam
  7885 | D:10     | Found a sacrificial altar of Ru.
  8212 | D:10     | Noticed a moth of wrath
  8224 | D:10     | Found a bloodstained altar of Trog.
  8237 | D:10     | Killed a moth of wrath
  8238 | D:10     | Reached skill level 1 in Fire Magic
  8666 | D:11     | Reached skill level 11 in Air Magic
  8828 | D:11     | Noticed Nergalle
  8846 | D:11     | Killed Nergalle
  8971 | D:11     | Found Ujad's General Store.
  9005 | D:11     | Noticed a two-headed ogre
  9005 | D:11     | Noticed a two-headed ogre
  9009 | D:11     | Killed a two-headed ogre
  9012 | D:11     | Killed a two-headed ogre
  9331 | D:11     | Found a staircase to the Lair.
  9479 | Lair:1   | Entered Level 1 of the Lair of Beasts
  9613 | Lair:1   | Offered knowledge of Frozen Ramparts by Vehumet.
  9715 | Lair:1   | Reached *** piety under Vehumet
  9717 | Lair:1   | Reached skill level 12 in Air Magic
  9725 | Lair:1   | Reached XP level 12. HP: 41/74 MP: 2/25
 10511 | Lair:2   | Reached skill level 5 in Fire Magic
 10834 | Lair:2   | Offered knowledge of Hailstorm by Vehumet.
 11641 | Lair:3   | Reached **** piety under Vehumet
 11671 | Lair:3   | Offered knowledge of Lee's Rapid Deconstruction by Vehumet.
 11672 | Lair:3   | Reached skill level 13 in Air Magic
 11678 | Lair:3   | Learned a level 5 spell: Lee's Rapid Deconstruction
 11700 | Lair:3   | Engulfed by a fire crab's flame

Illustrated notes

Levels and vault maps discovered:
D:1:      ldierk_walled_garden, layout_basic, serial_shops, shop,
          dreamdust_ecumenical_altar_hidden_monk_grotto
D:2:      layout_loops_ring, grunt_ministairs_3
D:3:      layout_basic
D:4:      layout_gridville
D:5:      layout_basic
D:6:      layout_cave_pools, minmay_microvault
D:7:      layout_basic, lemuel_round_altar, minmay_temple_entry_hall,
          serial_rivers, chequers_serial_rivers_micro_d,
          chequers_serial_rivers_large_a, chequers_serial_rivers_micro_c,
          chequers_serial_rivers_room_b, nicolae_stop_n_shop_2
D:8:      layout_basic
D:9:      layout_rooms, orc_0_dummy, uniq_erolcha
D:10:     layout_loops_ring, tgw_trog, mainiacjoe_overflow_catwalk
D:11:     layout_irregular_city, lair_entry_dummy, serial_shops, shop,
          uniq_nergalle
Temple:   hellmonk_temple_of_storms
Lair:1:   layout_misc_corridors, beast_lair_carwin_6
Lair:2:   layout_cave_pods, grunt_megastairs_3
Lair:3:   layout_cave_pods, minmay_shoals_entry_beasts,
          spider_nest_entry_funnel_web, serial_bayou_shore_a

Skill      XL: |  1  2  3  4  5  6  7  8  9 10 11 12 |
---------------+-------------------------------------+-----
Conjurations   | 2 3 4 5 6 8 9 10 12 | 12.9
Spellcasting   | 3 4 5 6 7 8 9 |  9.5
Air Magic      | 5 6 8 9 10 12 13 | 13.0
Fighting       | 2 4 5 7 8 9 |  9.1
Dodging        | 3 4 5 6 |  6.1
Fire Magic     | 4 6 |  6.0
Stealth        | |  2.0

Action                     |  1- 3 |  4- 6 |  7- 9 | 10-12 || total
---------------------------+-------+-------+-------+-------++-------
  Melee: Dagger            |     1 |       |       |       ||     1
         Short sword       |     1 |       |       |       ||     1
         Staff             |       |       |     5 |    11 ||    16
         Kick              |       |       |     2 |     4 ||     6
         Peck              |       |       |       |     1 ||     1
   Cast: Shock             |    84 |   101 |   267 |   263 ||   715
         Static Discharge  |       |     6 |    13 |    31 ||    50
         Airstrike         |       |       |    11 |    48 ||    59
         Arcjolt           |       |       |       |    45 ||    45
         Plasma Beam       |       |       |       |     8 ||     8
    Use: Scroll            |     4 |     7 |     3 |     5 ||    19
         Potion            |       |     2 |     1 |     1 ||     4
 Armour: Robe              |    11 |    18 |    70 |   116 ||   215
  Dodge: Dodged            |     8 |    10 |    60 |   147 ||   225
